 Dungeon Crawl Stone Soup version 0.32-a0-994-gabb26cbae4 (webtiles) character file.

Game seed: 4852810809112008163

6857 GordonOverkill the Nimble (level 10, 0/81 HPs)
             Began as a Red Draconian Delver on Apr 22, 2024.
             Was an Elder of Vehumet.
             Slain by a seven-headed hydra (6 damage)
             ... on level 8 of the Dungeon.
             The game lasted 00:30:18 (11778 turns).

GordonOverkill the Nimble (Red Draconian Delver)   Turns: 11778, Time: 00:30:18

Health: 0/81       AC: 10    Str: 14    XL:     10   Next: 78%
Magic:  11/19      EV: 15    Int: 16    God:    Vehumet [****..]
Gold:   117        SH:  6    Dex: 12    Spells: 14/21 levels left

rFire   + . .        q - +5 dagger (speed)
rCold   . . .        i - +2 buckler
rNeg    . . .        (body armour unavailable)
rPois   .            (helmet restricted)
rElec   .            A - +0 cloak
rCorr   .            j - +0 pair of gloves
SInv    .            r - +0 pair of boots
Will    .....        (no amulet)
Stlth   +++          (no ring)
HPRegen 0.33/turn    (no ring)
MPRegen 0.16/turn

%: no passive effects
@: no status effects
A: combustion breath, AC +7, unfitting armour, fire resistance 1, cold-blooded
a: Combustion Breath, Renounce Religion


You were on level 8 of the Dungeon.
You worshipped Vehumet.
Vehumet was greatly pleased with you.
You visited 1 branch of the dungeon, and saw 8 of its levels.

You collected 319 gold pieces.
You spent 202 gold pieces at shops.

Inventory:

Hand Weapons
 q - a +5 dagger of speed (weapon)
 E - a +1 short sword of venom
Armour
 i - a +2 buckler (worn)
 j - a +0 pair of gloves (worn)
 r - a +0 pair of boots (worn)
 A - a +0 cloak (worn)
Jewellery
 e - an amulet of regeneration
 u - a ring of resist corrosion
 w - a ring of wizardry
 C - a ring of magical power
Wands
 f - a wand of digging (5)
 g - a wand of charming (13)
 l - a wand of flame (52)
 t - a wand of warping (13)
 y - a wand of polymorph (10)
Scrolls
 a - a scroll of blinking
 b - a scroll of fog
 k - 7 scrolls of identify
 m - 3 scrolls of revelation
 n - 5 scrolls of teleportation
 o - a scroll of immolation
 z - a scroll of fear
Potions
 c - 2 potions of curing
 d - 2 potions of heal wounds
 h - 2 potions of enlightenment
 p - a potion of attraction
 s - a potion of might
 v - 2 potions of haste
 x - a potion of brilliance {unknown}
 B - a potion of mutation {unknown}
 D - a potion of magic {unknown}


   Skills:
 - Level 5.0 Fighting
 - Level 3.0 Short Blades
 - Level 11.0 Dodging
 - Level 5.0 Stealth
 - Level 2.0 Shields
 + Level 6.1 Spellcasting
 - Level 3.0 Conjurations
 - Level 4.0 Ice Magic
 - Level 3.0 Air Magic
 - Level 3.0 Alchemy
 - Level 2.0 Evocations


You had 14 spell levels left.
You knew the following spells:

 Your Spells              Type           Power      Damage    Failure   Level
a - Freeze                Ice            68%        1d8       1%          1
b - Mephitic Cloud        Conj/Alch/Air  14%        N/A       4%          3
c - Frozen Ramparts       Ice            34%        1d6       3%          3

Your spell library contained the following spells:

 Spells                   Type           Power      Damage    Failure   Level
 Hailstorm                Conj/Ice       16%        3d6       3%          3
 Shock                    Conj/Air       56%        1d6       1%          1
 Sandblast                Erth           8%         2d5       5%          1
 Stone Arrow              Conj/Erth      18%        3d8       9%          3
 Ensorcelled Hibernation  Hex/Ice        22%        N/A       12%         2
 Fulminant Prism          Conj/Alch      7%         3d7       14%         4
 Volatile Blastmotes      Fire/Tloc      8%         2d10      16%         3
 Iskenderun's Mystic Bla Conj/Tloc 9%             2d4        (+2d1     24%         4
 Passwall                 Erth           4%         N/A       50%         3
 Discord                  Hex            2%         N/A       100%        8


Dungeon Overview and Level Annotations

Branches:
Dungeon (8/15)             Temple (0/1) D:6
   Lair: D:8-11

Altars:
Ashenzari
Makhleb
Qazlal
Uskayaw
Vehumet
Wu Jian
Xom

Shops:
D:1 =   D:3 *   D:4 *   D:5 [   D:7 [[*!


Innate Abilities, Weirdness & Mutations

You can breathe blasts of explosive embers.
Your fiery red scales are hard. (AC +7)
You cannot fit into any form of body armour.
Your flesh is heat resistant. (rF+)
You are cold-blooded and may be slowed by cold attacks.


Message History

The wall freezes the seven-headed hydra.
The seven-headed hydra bites you!
* * * LOW HITPOINT WARNING * * *
The seven-headed hydra closely misses you.
You block the seven-headed hydra's attack.
The seven-headed hydra bites you.
* * * LOW HITPOINT WARNING * * *
The seven-headed hydra closely misses you.
The seven-headed hydra bites you but does no damage. x2
Casting: Freeze (safe; 1% risk of failure)
Confirm with . or Enter, or press ? or * to list all spells.
Aiming: Freeze (safe; 1% risk of failure)
Press: ? - help, Shift-Dir - straight line, f/p - seven-headed hydra
Aim: a seven-headed hydra (severely wounded, slow)
You freeze the seven-headed hydra.
The seven-headed hydra is severely wounded.
The seven-headed hydra seems to slow down.
Casting: Freeze (safe; 1% risk of failure)
Confirm with . or Enter, or press ? or * to list all spells.
Aiming: Freeze (safe; 1% risk of failure)
Press: ? - help, Shift-Dir - straight line, f/p - seven-headed hydra
Aim: a seven-headed hydra (severely wounded, slow)
You freeze the seven-headed hydra!
The seven-headed hydra is almost dead.
The seven-headed hydra seems to slow down.
The frozen ramparts melt away.
The seven-headed hydra bites you but does no damage.
The seven-headed hydra bites you.
* * * LOW HITPOINT WARNING * * *
The seven-headed hydra bites you but does no damage. x2
The seven-headed hydra closely misses you.
The seven-headed hydra bites you.
* * * LOW HITPOINT WARNING * * *
The seven-headed hydra bites you!
* * * LOW HITPOINT WARNING * * *
The seven-headed hydra attacks as it pursues you!
The seven-headed hydra bites you.
* * * LOW HITPOINT WARNING * * *
The seven-headed hydra bites you.
You die...

##...#######.###
#.##.###.##.
#..............##
#.##.###.##.
.......#######..##
#.##.#.#.##. ......##
...##..#####.#........#
....[##
#..##................'
#.#### #
#..########.......###
.##.# ...
#..##...##..##.### #
.##.#
.....##.#.#.#.#..#####
....#
.......D@.#.#.#......#
##..#
.....##.#..#..#..###.#
##..# ...
#..##.#.##..###.##
#.### #
#:.####.###.......#
....##
#..###.#.#.##..##..#
.....##
...###.#.#.#.##..#..#
......##
#.####.#.#.#.#.##....#
.......# .#
#.#รท#.#.#.#.#.##.###
.......#
##.#)#)#.#.##.####..


You could see a seven-headed hydra (slow).

Vanquished Creatures
  2 cyclopes (D:8)
  Grinder (D:3)
  2 wyverns (D:8)
  12 yaks (D:8)
  A steam dragon (D:4)
  A vampire mosquito (D:8)
  2 water moccasins
  3 sky beasts (D:6)
  A laughing skull (D:8)
  2 orc warriors (D:8)
  An ice beast (D:8)
  2 black bears
  3 ogres
  A centaur (D:8)
  A phantom (D:4)
  3 bullfrogs
  2 kobold brigands (D:8)
  A gnoll sergeant (D:8)
  Blork the orc (D:6)
  A scorpion (D:7)
  4 killer bees
  A howler monkey (D:6)
  2 electric eels (D:6)
  3 bombardier beetles
  2 jellies
  5 orc priests
  3 hounds
  4 iguanas
  Natasha (thrice) (D:4)
  7 orc wizards
  Robin (D:3)
  12 gnolls
  9 adders
  A shadow imp (D:8)
  2 ufetubi (D:7)
  2 dart slugs
  26 orcs
  5 ball pythons
  5 bats
  4 endoplasms
  3 giant cockroaches
  22 goblins
  7 hobgoblins
  3 jackals (D:3)
  13 kobolds
  3 quokkas
  2 frilled lizards (D:3)
  8 rats
205 creatures vanquished.

Vanquished Creatures (collateral kills)
  A troll (D:8)
1 creature vanquished.

Vanquished Creatures (others)
  2 vampire mosquitoes (D:8)
  A wight (D:8)
  A howler monkey (D:8)
4 creatures vanquished.

Grand Total: 210 creatures vanquished

Notes
Turn   | Place    | Note
-------+----------+-------------------------------------------
     0 | D:5      | GordonOverkill the Draconian Delver began the quest for the
                  | Orb.
     0 | D:5      | Reached XP level 1. HP: 19/19 MP: 1/1
     2 | D:5      | Noticed an orc priest
   135 | D:6      | Found a radiant altar of Vehumet.
   138 | D:6      | Became a worshipper of Vehumet
   138 | D:6      | Noticed a howler monkey
   207 | D:5      | Noticed an orc wizard
   278 | D:5      | Noticed an iguana
   401 | D:4      | Noticed Natasha
   418 | D:4      | Noticed a cerulean imp
   419 | D:4      | Noticed a cerulean imp
   423 | D:4      | Noticed a cerulean imp
   423 | D:4      | Killed Natasha
   424 | D:4      | Reached skill level 2 in Dodging
   424 | D:4      | Reached XP level 2. HP: 11/26 MP: 2/2
   665 | D:4      | Reached XP level 3. HP: 31/33 MP: 3/3
   695 | D:4      | Reached XP level 4. HP: 40/40 MP: 4/4
   711 | D:4      | Reached skill level 5 in Stealth
   729 | D:4      | Noticed a phantom
   791 | D:5      | Found Siwk's Antique Armour Boutique.
  1138 | D:5      | Found a hide-covered altar of Uskayaw.
  1185 | D:5      | Reached skill level 1 in Evocations
  1185 | D:5      | Reached XP level 5. HP: 46/46 MP: 5/5
  1343 | D:5      | Identified the +1 leather armour of the Comet {rC- rCorr
                  | Int+2 Stlth+}
  1349 | D:5      | Noticed an ogre
  1617 | D:2      | Noticed Robin
  1661 | D:3      | Reached * piety under Vehumet
  1661 | D:3      | Offered knowledge of Freeze by Vehumet.
  1664 | D:3      | Learned a level 1 spell: Freeze
  1691 | D:3      | Killed Robin
  1914 | D:2      | Reached skill level 5 in Fighting
  2021 | D:2      | Reached skill level 1 in Ice Magic
  2090 | D:1      | Reached skill level 1 in Spellcasting
  2161 | D:1      | Reached XP level 6. HP: 46/56 MP: 7/7
  2270 | D:1      | Found a faded altar of an unknown god.
  2354 | D:1      | Found Ageof's Jewellery Emporium.
  2541 | D:1      | Offered knowledge of Mercury Vapours by Vehumet.
  2807 | D:2      | Reached ** piety under Vehumet
  3575 | D:3      | Found an ornate altar of the Wu Jian Council.
  3778 | D:3      | Noticed Grinder
  3799 | D:3      | Killed Grinder
  3800 | D:3      | Your scales start taking on a fiery red colour.
  3800 | D:3      | Reached XP level 7. HP: 36/61 MP: 8/11
  3800 | D:3      | Gained mutation: Your flesh is heat resistant. (rF+) [Red
                  | Draconian growth]
  3943 | D:3      | Found Unwogg's Assorted Antiques.
  3951 | D:3      | Bought a scroll of identify for 58 gold pieces
  4248 | D:4      | Noticed Natasha
  4256 | D:4      | Killed Natasha
  4281 | D:4      | Reached skill level 1 in Shields
  4349 | D:4      | Found Cuarim's Serpentskin Sales.
  4371 | D:4      | Offered knowledge of Mephitic Cloud by Vehumet.
  4409 | D:4      | Learned a level 3 spell: Mephitic Cloud
  4711 | D:4      | Noticed a steam dragon
  5105 | D:4      | Killed a steam dragon
  5106 | D:4      | Reached skill level 1 in Conjurations
  5106 | D:4      | Reached skill level 1 in Air Magic
  5106 | D:4      | Reached skill level 1 in Alchemy
  5207 | D:4      | Noticed Natasha
  5215 | D:4      | Killed Natasha
  5632 | D:5      | Reached *** piety under Vehumet
  5633 | D:5      | Reached XP level 8. HP: 63/68 MP: 7/12
  5880 | D:5      | Got the Folio of the Zephyr and Fate
  6512 | D:6      | Offered knowledge of Frozen Ramparts by Vehumet.
  6524 | D:6      | Reached skill level 3 in Dodging
  6549 | D:6      | Reached skill level 4 in Dodging
  6992 | D:6      | Reached skill level 5 in Dodging
  7102 | D:6      | Noticed Blork the orc
  7113 | D:6      | Killed Blork the orc
  7117 | D:6      | Reached XP level 9. HP: 64/74 MP: 3/13
  7218 | D:6      | Found a staircase to the Ecumenical Temple.
  7361 | D:6      | Identified the +1 plate armour of Ilostrite {Int+2}
  7378 | D:6      | Reached skill level 6 in Dodging
  7781 | D:6      | Learned a level 3 spell: Frozen Ramparts
  7785 | D:7      | Found Asyky's Armour Boutique.
  7883 | D:7      | Found Haowil's General Store.
  8170 | D:7      | Reached skill level 7 in Dodging
  8206 | D:7      | Bought a potion of haste for 120 gold pieces
  8206 | D:7      | Bought a scroll of identify for 24 gold pieces
  8256 | D:7      | Found Zan Ismo's Armour Shoppe.
  8331 | D:7      | Found a broken altar of Ashenzari.
  8367 | D:7      | Found Oxzoaj's Distillery.
  8571 | D:8      | Found a burning altar of Makhleb.
  8765 | D:8      | Reached skill level 8 in Dodging
  8906 | D:8      | Found a stormy altar of Qazlal.
  8939 | D:8      | Found a shimmering altar of Xom.
  9100 | D:8      | Reached skill level 9 in Dodging
  9118 | D:8      | Reached XP level 10. HP: 57/81 MP: 11/14
  9211 | D:8      | Reached **** piety under Vehumet
  9372 | D:8      | Offered knowledge of Hailstorm by Vehumet.
  9893 | D:8      | Reached skill level 10 in Dodging
 10223 | D:8      | Noticed a cyclops
 10257 | D:8      | Killed a cyclops
 10459 | D:8      | Noticed a cyclops
 10483 | D:8      | Killed a cyclops
 10484 | D:8      | Reached skill level 11 in Dodging
 10824 | D:8      | Noticed a seven-headed hydra
 11136 | D:8      | Reached skill level 5 in Spellcasting
 11778 | D:8      | Slain by a seven-headed hydra

Illustrated notes

Levels and vault maps discovered:
D:1:      dpeg_arrival_connections, layout_rooms,
          shapermc_ecumenical_altar_rom_forum, serial_shops,
          nicolae_shop_tiny_statue_garden, serial_bayou_lagoon_b
D:2:      layout_rooms, serial_rivers, chequers_serial_rivers_room_a,
          chequers_serial_rivers_micro_a, chequers_serial_rivers_micro_e,
          chequers_serial_rivers_micro_e, uniq_robin
D:3:      layout_loops_ring, lemuel_round_altar, serial_shops,
          nicolae_shop_statue_plus, nicolae_twisty_statue_hallways, uniq_grinder
D:4:      minmay_angry_zag, layout_cave_pods, chequers_garden,
          guppyfry_shop_venom, uniq_natasha
D:5:      layout_basic, marbit_many_paths, serial_shops, shop, uniq_edmund
D:6:      layout_basic, lemuel_doored_altar, minmay_temple_entry_trees,
          serial_bayou_lake_a, uniq_blork_the_orc
D:7:      layout_rooms, ashenzari_conservatory_becter, serial_shops, shop, shop,
          shop, nicolae_shop_hallway_stairs
D:8:      minmay_the_grid_octo_tiled_squarecenter [minmay_the_grid_octo_clover,
          minmay_the_grid_octo_checkered, minmay_the_grid_octo_horde,
          minmay_the_grid_octo_empty,
          minmay_the_grid_square_5x5_megaprize_checkered,
          minmay_the_grid_square_5x5_v, minmay_the_grid_square_5x5_tetrominoes,
          minmay_the_grid_square_5x5_tri_point,
          minmay_the_grid_square_5x5_intrusive_squares], layout_loops_corners,
          mainiacjoe_overflow_paths, mainiacjoe_overflow_two_lobes,
          kennysheep_nub

Skill      XL: |  1  2  3  4  5  6  7  8  9 10 |
---------------+-------------------------------+-----
Dodging        | 2 5 9 11 | 11.0
Fighting       | 4 5 |  5.0
Stealth        | 5 |  5.0
Evocations     | 1 2 |  2.0
Short Blades   | 3 |  3.0
Ice Magic      | 1 2 3 4 |  4.0
Spellcasting   | 1 2 3 6 |  6.1
Shields        | 2 |  2.0
Conjurations   | 2 3 |  3.0
Air Magic      | 2 3 |  3.0
Alchemy        | 2 3 |  3.0

Action                     |  1- 3 |  4- 6 |  7- 9 | 10-12 || total
---------------------------+-------+-------+-------+-------++-------
  Melee: Short sword       |    36 |   258 |       |       ||   294
         Tailslap          |     1 |    31 |    30 |    13 ||    75
         Dagger            |       |    41 |   169 |    78 ||   288
         Unarmed           |       |       |     4 |       ||     4
   Cast: Freeze            |       |    11 |   169 |    92 ||   272
         Frozen Ramparts   |       |       |    10 |    16 ||    26
         Mephitic Cloud    |       |       |     2 |     6 ||     8
Ability: Combustion Breath |       |       |     4 |       ||     4
  Evoke: Wand              |     1 |     9 |     2 |    16 ||    28
    Use: Scroll            |     2 |     5 |     7 |       ||    14
         Potion            |     1 |     4 |       |       ||     5
   Stab: Sleeping          |     2 |    13 |     4 |       ||    19
         Confused          |       |       |     7 |     3 ||    10
 Armour: Skin              |    35 |   168 |   193 |    82 ||   478
  Dodge: Dodged            |    12 |   171 |   152 |    72 ||   407
  Block: Buckler           |       |       |    85 |    37 ||   122

Table legend: (Time is in decaauts)
 A = Elapsed time spent in this place.
 B = Non-inter-level travel time spent in this place.
 C = Inter-level travel time spent in this place.
 D = Time resting spent in this place.
 E = Time spent auto-exploring this place.
 F = Levels seen in this place.
 G = Mean time per level.
                   A        B        C        D        E       F      G
               +--------+--------+--------+--------+--------+-----+--------+
         Total |  11707 |  11382 |    325 |   4400 |   4220 |   8 | 1463.4 |
       Dungeon |  11707 |  11382 |    325 |   4400 |   4220 |   8 | 1463.4 |
               +--------+--------+--------+--------+--------+-----+--------+

Top non-repeatable levels by time:
     D:8: 3153 daAuts
     D:4: 1770 daAuts
     D:6: 1626 daAuts
     D:5: 1353 daAuts
     D:3: 1224 daAuts
     D:2: 909 daAuts
     D:1: 871 daAuts
     D:7: 798 daAuts
